 Dungeon Crawl Stone Soup version 0.27-a0-887-gcab673c142 (webtiles) character file.

Game seed: 10109159537979921909

35 Alarkh the Insei (level 3, -3/28 HPs)
             Began as a Demonspawn Gladiator on Apr 4, 2021.
             Slain by a goblin
             ... wielding a +0 club
             ... led by Robin
              (4 damage)
             ... on level 2 of the Dungeon.
             The game lasted 00:01:04 (1387 turns).

Alarkh the Insei (Demonspawn Gladiator)             Turns: 1387, Time: 00:01:04

Health: -3/28      AC:  4    Str: 14    XL:     3   Next: 16%
Magic:  3/3        EV: 14    Int: 10    God:
Gold:   18         SH:  0    Dex: 14    Spells: 2/2 levels left

rFire    . . .     SeeInvis .     - Unarmed
rCold    . . .     Faith    .   (no shield)
rNeg     . . .     Spirit   .   a - +0 leather armour
rPois    .         Reflect  .   b - +0 helmet
rElec    .         Harm     .   (no cloak)
rCorr    .         Rampage  .   (no gloves)
Will     .....                  (no boots)
Stlth    +.........             (no amulet)
HPRegen  0.09/turn              (no ring)
MPRegen  0.08/turn              (no ring)

@: no status effects
A: repulsion field 1
a: no special abilities


You were on level 2 of the Dungeon.
You visited 1 branch of the dungeon, and saw 2 of its levels.

You collected 18 gold pieces.

Inventory:

Missiles
 c - 3 throwing nets (quivered)
 f - 2 atropa-tipped darts
Armour
 a - a +0 leather armour (worn)
 b - a +0 helmet (worn)
Scrolls
 d - a scroll of brand weapon {unknown}
 e - a scroll of fog {unknown}


   Skills:
 + Level 2.6 Fighting
 - Level 1.7 Throwing
 - Level 2.6 Dodging
 * Level 3.6 Unarmed Combat


You had 2 spell levels left.
You didn't know any spells.
Your spell library was empty.

Dungeon Overview and Level Annotations

Branches:
Dungeon (2/15)

Altars:

Annotations:
D:2 Robin


Innate Abilities, Weirdness & Mutations

You are surrounded by a mild repulsion field. (EV +2)


Message History

You are too injured to fight recklessly!
You are too injured to fight recklessly!
You are too injured to fight recklessly!
You are too injured to fight recklessly!
You are too injured to fight recklessly!
You are too injured to fight recklessly!
You are too injured to fight recklessly!
You are too injured to fight recklessly!
You are too injured to fight recklessly!
You are too injured to fight recklessly!
You are too injured to fight recklessly!
You are too injured to fight recklessly!
The goblin barely misses you. The goblin hits you with a +0 club.
Robin throws the goblin at you! The goblin barely misses you.
The goblin barely misses you.
There is a large open door here.
There is a large open door here.
You aren't carrying any potions.
You hit the frilled lizard.
You kill the frilled lizard!
Robin throws the goblin at you! The goblin misses you.
Robin throws the goblin at you!
A hobgoblin comes into view.
The goblin shouts!
Robin closely misses you.
The giant cockroach bites you but does no damage.
There is a large open door here.
You see here a frilled lizard corpse.
Unknown command.
You closely miss the goblin.
The goblin is moderately wounded.
The hobgoblin shouts!
Robin hits you with a +0 dagger.
* * * LOW HITPOINT WARNING * * *
A hobgoblin comes into view.
The giant cockroach bites you.
* * * LOW HITPOINT WARNING * * *
The goblin hits you with a +0 club.
You die...

#. .#.# #.### ...#
#...# #..# #
#...###..#####.#
#####...##.........#
........##..>......#
#....##B........#
#######...gg@g.ggg.g...
#..........##........##
#..........#######+###
#..........#
#.......#### #.......#
#.......#######
#####†........#
######.#####.


You could see Robin (fast), a giant cockroach, 2 hobgoblins and 4 goblins.

Vanquished Creatures
  A dart slug (D:1)
  2 ball pythons (D:1)
  A bat (D:1)
  6 endoplasms
  4 giant cockroaches
  A goblin (D:2)
  A hobgoblin (D:1)
  4 jackals (D:1)
  A frilled lizard (D:2)
  5 kobolds (D:1)
  2 rats (D:1)
28 creatures vanquished.

Notes
Turn   | Place    | Note
-------+----------+-------------------------------------------
     0 | D:1      | Alarkh the Demonspawn Gladiator began the quest for the
                  | Orb.
     0 | D:1      | Reached XP level 1. HP: 16/16 MP: 1/1
   147 | D:1      | Reached skill level 3 in Unarmed Combat
   209 | D:1      | Gained mutation: You are surrounded by a mild repulsion
                  | field. (EV +2) [demonic ancestry]
   209 | D:1      | Reached XP level 2. HP: 1/22 MP: 2/2
   778 | D:1      | HP: 1/23 [endoplasm/Freeze (2)]
  1169 | D:1      | Reached XP level 3. HP: 28/28 MP: 3/3
  1374 | D:2      | Noticed Robin
  1387 | D:2      | HP: 1/28 [giant cockroach (2)]
  1387 | D:2      | Slain by a goblin

Illustrated notes

Levels and vault maps discovered:
D:1:      matt_arrival_refuge, layout_loops_ring
D:2:      layout_basic, basic_ecumenical_altar, st_stairs_5, uniq_robin,
          uniq_terence

Skill      XL: |  1 |
---------------+----+-----
Unarmed Combat | 3 |  3.6
Fighting       | |  2.6
Throwing       | |  1.7
Dodging        | |  2.6

Action                   || total
-------------------------++-------
Melee: Unarmed           ||   133
Armor: Leather armour    ||    35
Dodge: Dodged            ||    93

Table legend: (Time is in decaauts)
 A = Elapsed time spent in this place.
 B = Non-inter-level travel time spent in this place.
 C = Inter-level travel time spent in this place.
 D = Time resting spent in this place.
 E = Time spent auto-exploring this place.
 F = Levels seen in this place.
 G = Mean time per level.
                   A        B        C        D        E       F      G
               +--------+--------+--------+--------+--------+-----+--------+
         Total |   1379 |   1355 |     24 |    596 |    557 |   2 |  689.5 |
       Dungeon |   1379 |   1355 |     24 |    596 |    557 |   2 |  689.5 |
               +--------+--------+--------+--------+--------+-----+--------+

Top non-repeatable levels by time:
     D:1: 1333 daAuts
     D:2: 45 daAuts
